 Dungeon Crawl Stone Soup version 0.29-a0-323-g050149af67 (webtiles) character file.

Game seed: 12233684936825693911

223 spaghetti the Ducker (level 5, 0/42 HPs)
             Began as a Demigod Brigand on Apr 10, 2022.
             Slain by Crazy Yiuf
             ... wielding a +2 quarterstaff of chaos
              (2 damage)
             ... on level 3 of the Dungeon.
             The game lasted 00:04:40 (3267 turns).

spaghetti the Ducker (Demigod Brigand)              Turns: 3267, Time: 00:04:40

Health: 0/42       AC:  3    Str: 12    XL:     5   Next: 39%
Magic:  7/7        EV: 14    Int: 13    God:
Gold:   129        SH:  0    Dex: 19    Spells: 4/4 levels left

rFire   . . .      SeeInvis .   j - +1 short sword (freeze) {short}
rCold   . . .      Faith    .   (no shield)
rNeg    . . .      Spirit   .   b - +0 robe
rPois   .          Reflect  .   (no helmet)
rElec   .          Harm     .   c - +0 cloak
rCorr   .          Rampage  .   (no gloves)
Will    .....      Rage     1%  (no boots)
Stlth   +++.......              (no amulet)
HPRegen 0.14/turn               (no ring)
MPRegen 0.10/turn               (no ring)

@: hasted, invisible, very quick
A: high MP 1, forlorn, divine attributes, berserk 1
a: no special abilities


You were on level 3 of the Dungeon.
You visited 1 branch of the dungeon, and saw 3 of its levels.

You collected 129 gold pieces.


Innate Abilities, Weirdness & Mutations

You have an increased reservoir of magic. (+10% MP)
You shall have no god before yourself.
Your divine heritage dramatically boosts your attributes as you level up.
You tend to lose your temper in combat.


   Skills:
 + Level 2.3 Fighting
 + Level 2.4 Short Blades
 * Level 2.7 Throwing
 + Level 4.0 Dodging
 - Level 3.6 Stealth


You had 4 spell levels left.
You didn't know any spells.
Your spell library contained the following spells:

 Spells                   Type           Power      Damage    Failure   Level
 Pain                     Necr           0%         1d4       30%         1
 Gell's Gravitas          Tloc           0%         N/A       67%         3
 Teleport Other           Tloc           0%         N/A       67%         3
 Agony                    Necr           0%         N/A       100%        5
 Excruciating Wounds      Necr           0%         N/A       100%        5
 Dispersal                Tloc           0%         N/A       100%        6

Inventory:

Hand Weapons
 a - a +2 dagger {short}
 j - a +1 short sword of freezing (weapon) {short}
   (You took it off a kobold on level 2 of the Dungeon)
 r - the +6 mace "Demonslayer" {drain, Int+4, mace}
   (You found it on level 3 of the Dungeon)

   A truly terrible weapon, it drains the life of any living foe it strikes.
   Int:       It affects your intelligence (+4).
Missiles
 d - 15 poisoned darts {throwing}
 f - 40 stones (quivered) {throwing}
 k - 2 curare-tipped darts {=fthrowing}
Armour
 b - a +0 robe (worn)
 c - a +0 cloak (worn)
Wands
 i - a wand of polymorph (9)
   (You found it on level 2 of the Dungeon)
Scrolls
 e - 2 scrolls of identify {unknown}
 g - a scroll of vulnerability {unknown}
 l - a scroll of teleportation {@r4}
 m - a scroll of fog {unknown}
 p - a scroll of fear {unknown}
Potions
 n - a potion of flight {unknown}
 o - a potion of ambrosia {unknown}
 q - a potion of attraction {unknown}

Dungeon Overview and Level Annotations

Branches:
Dungeon (3/15)

Shops:
D:2 (

Annotations:
D:3 Crazy Yiuf

###........###....###
##.......# ##..##
##.....## ♣....♣ ###
##...## ♣)..♣♣ ..#
##'## ♣♣)♣♣ #.# #.#
♣)♣♣ #># #.# ♣♣)♣ #.#
##.## ♣)♣♣ ..#
##...## ♣♣@♣ ..#
#.....# #g#
..####...### )))
...........# #)))#
#######.#### #).)#
#.# ##### #.# #.# #.#


You could see Crazy Yiuf (can't see you).


Message History

No target in view!
No target in view!
No target in view!
No target in view!
No target in view!
No target in view!
No target in view!
No target in view!
No target in view!
No target in view!
No target in view!
No target in view!
No target in view!
No target in view!
No target in view!
No target in view!
No target in view!
No target in view!
No target in view!
No target in view!
No target in view!
No target in view!
No target in view!
No target in view!
No target in view!
No target in view!
No target in view!
No target in view!
No target in view!
No target in view!
No target in view!
No target in view!
No target in view!
No target in view!
No target in view!
No target in view!
No target in view!
No target in view!
No target in view!
No target in view!
No target in view!
No target in view!
No target in view!
No target in view!
No target in view!
No target in view!
No target in view!
No target in view!
No target in view!
No target in view!
No target in view!
No target in view!
You open the door.
There is an open door here.
There is an open door here.
You see here a +0 mace {mace}.
Found two runed maces.
You see here a +0 mace {mace}.
Crazy Yiuf shouts!
You see here a +0 mace {mace}.
You see here a +0 mace {mace}.
r - the +6 mace "Demonslayer" {drain, Int+4, mace} Could not explore, unopened runed door.
Could not explore, unopened runed door.
Unknown command.
You open the door. You hit Crazy Yiuf. You freeze Crazy Yiuf.
Crazy Yiuf hits you with a +2 quarterstaff of chaos!
Crazy Yiuf freezes you. 😕 HP[-10]
You take 10 damage, and now have 32/42 hp.
MASSIVE DAMAGE!! (PAUSE)
You barely miss Crazy Yiuf.
Crazy Yiuf hits you with a +2 quarterstaff of chaos.
Crazy Yiuf freezes you. 😮 HP[-7]
You take 7 damage, and now have 25/42 hp.
Unknown command.
You hit Crazy Yiuf but do no damage.
Crazy Yiuf hits you with a +2 quarterstaff of chaos!
* * * LOW HITPOINT WARNING * * *
You fade into invisibility! 😨 HP[-11]
You take 11 damage, and now have 14/42 hp.
MASSIVE DAMAGE!! (PAUSE)
Okay, then.
Press: ? - help, v - describe, . - travel The floor, spattered with blood.
You feel better.
Crazy Yiuf hits you with a +2 quarterstaff of chaos!
* * * LOW HITPOINT WARNING * * *
You feel yourself speed up. 😨 HP[-1]
You take 1 damage, and now have 13/42 hp.
Unknown command.
You hit Crazy Yiuf. You freeze Crazy Yiuf.
Crazy Yiuf hits you with a +2 quarterstaff of chaos!
* * * LOW HITPOINT WARNING * * *
Crazy Yiuf burns you.
You die...

Skill      XL: |  1  2  3  4 |
---------------+-------------+-----
Dodging        | 2 3 4 |  4.0
Short Blades   | 2 |  2.4
Throwing       | 2 |  2.7
Fighting       | 2 |  2.3
Stealth        | |  3.6

Action                   |  1- 3 |  4- 6 || total
-------------------------+-------+-------++-------
Melee: Dagger            |   116 |       ||   116
       Short sword       |    14 |    43 ||    57
Throw: Dart              |    11 |     1 ||    12
       Stone             |       |    11 ||    11
  Use: Scroll            |     2 |       ||     2
       Potion            |       |     5 ||     5
 Stab: Sleeping          |    10 |     4 ||    14
Armor: Robe              |    28 |     7 ||    35
Dodge: Dodged            |    77 |    31 ||   108

Levels and vault maps discovered:
D:1:      ebering_trefoil_3fold, layout_basic
D:2:      layout_basic, serial_shops, nicolae_shop_bloodbath_and_beyond,
          chequers_serial_rivers_small_3, uniq_robin
D:3:      layout_loops_corners, kennysheep_generic_room_14,
          uniq_crazy_yiuf_cottage

Notes
Turn   | Place    | Note
-------+----------+-------------------------------------------
     0 | D:1      | spaghetti the Demigod Brigand began the quest for the Orb.
     0 | D:1      | Reached XP level 1. HP: 17/17 MP: 3/3
     0 | D:1      | magus.rc [v1.9.6]
    14 | D:1      | You pick up a book of Pain and begin reading...
    14 | D:1      | You add the spells Pain, Agony and Excruciating Wounds to
                  | your library.
    20 | D:1      | Reached skill level 1 in Dodging
   203 | D:1      | Reached skill level 2 in Dodging
   203 | D:1      | Reached XP level 2. HP: 24/24 MP: 4/4
   799 | D:1      | Reached XP level 3. HP: 29/29 MP: 5/5
  1002 | D:2      | Noticed Robin
  1008 | D:2      | Reached skill level 3 in Dodging
  1239 | D:2      | Found Xeureups's Weapon Shop.
  1284 | D:2      | You add the spells Gell's Gravitas, Teleport Other and
                  | Dispersal to your library.
  1634 | D:2      | Reached skill level 2 in Short Blades
  1816 | D:2      | Killed Robin
  1817 | D:2      | Reached XP level 4. HP: 10/36 MP: 6/6
  1817 | D:2      | HP: 4/36 [goblin/+0 club[Robin] (6)]
  1823 | D:2      | Gained mutation: You are dopey. (Int -2) [potion of
                  | mutation]
  1823 | D:2      | Gained mutation: You have sharp fingernails. [potion of
                  | mutation]
  2476 | D:3      | Reached skill level 2 in Throwing
  2591 | D:3      | Noticed a sky beast
  2599 | D:3      | Killed a sky beast
  2600 | D:3      | Reached skill level 2 in Fighting
  2600 | D:3      | Reached skill level 4 in Dodging
  2600 | D:3      | Reached XP level 5. HP: 33/42 MP: 7/7
  2674 | D:3      | Lost mutation: You have sharp fingernails. [potion of
                  | mutation]
  2674 | D:3      | Lost mutation: You are dopey. (Int -2) [potion of mutation]
  2674 | D:3      | Gained mutation: You tend to lose your temper in combat.
                  | [potion of mutation]
  3257 | D:3      | Found a runed translucent door.
  3258 | D:3      | Noticed Crazy Yiuf
  3260 | D:3      | Identified the +6 mace "Demonslayer" {drain, Int+4}
  3267 | D:3      | HP: 2/42 [Crazy Yiuf/+2 quarterstaff of chaos (11)]
  3267 | D:3      | Slain by Crazy Yiuf

Vanquished Creatures
  A sky beast (D:3)
  A hound (D:3)
  Robin (D:2)
  An adder (D:2)
  3 dart slugs
  6 ball pythons
  7 bats
  6 endoplasms
  2 giant cockroaches (D:1)
  9 hobgoblins
  2 jackals (D:2)
  6 quokkas
  2 frilled lizards (D:1)
  13 goblins
  3 kobolds
  3 rats
66 creatures vanquished.

Table legend:
 A = Non-vault XP
 B = Vault XP
 C = Vault XP percentage of total XP
 D = Non-vault monster count
 E = Vault monster count
 F = Vault count percentage of total count
                 A         B        C        D         E       F
            +---------+---------+-------+---------+---------+-------
      Total |     160 |     159 |  49.8 |      58 |       8 |  12.1
            +---------+---------+-------+---------+---------+-------
        D:1 |      54 |       0 |   0.0 |      30 |       0 |   0.0
        D:2 |      45 |      27 |  37.5 |      17 |       7 |  29.2
        D:3 |      61 |     132 |  68.4 |      11 |       1 |   8.3
            +---------+---------+-------+---------+---------+-------

Illustrated notes

Table legend:
 A = Kills in this place as a percentage of kills in entire the game.
 B = Kills by you in this place as a percentage of kills by you in the entire game.
 C = Kills by friends in this place as a percentage of kills by friends in the entire game.
 D = Other kills in this place as a percentage of other kills in the entire game.
 E = Experience gained in this place as a percentage of experience gained in the entire game.
 F = Experience gained in this place divided by the number of levels of this place that you have seen.
                   A       B       C       D       E      F
               +-------+-------+-------+-------+-------+----------------------
         Total | 100.0 | 100.0 |   N/A |   N/A | 100.0 | 106.3
       Dungeon | 100.0 | 100.0 |   N/A |   N/A | 100.0 | 106.3
               +-------+-------+-------+-------+-------+----------------------

Table legend: (Time is in decaauts)
 A = Elapsed time spent in this place.
 B = Non-inter-level travel time spent in this place.
 C = Inter-level travel time spent in this place.
 D = Time resting spent in this place.
 E = Time spent auto-exploring this place.
 F = Levels seen in this place.
 G = Mean time per level.
                   A        B        C        D        E       F      G
               +--------+--------+--------+--------+--------+-----+--------+
         Total |   3247 |   3195 |     52 |    553 |   2191 |   3 | 1082.3 |
       Dungeon |   3247 |   3195 |     52 |    553 |   2191 |   3 | 1082.3 |
               +--------+--------+--------+--------+--------+-----+--------+

Top non-repeatable levels by time:
     D:2: 1307 daAuts
     D:3: 990 daAuts
     D:1: 950 daAuts
